 Dungeon Crawl Stone Soup version 0.30.0-12-gd5a94ecb5d (webtiles) character file.

Game seed: 12498678418441957813

6857 seandewar5 the Carver (level 11, -1/133 HPs)
             Began as a Gnoll Cinder Acolyte on May 17, 2023.
             Was an Initiate of Gozag.
             Slain by a fire elemental (9 damage)
             ... created by the fiery vengeance of Ignis
             ... on level 8 of the Dungeon.
             The game lasted 00:41:33 (10304 turns).

seandewar5 the Carver (Gnoll Cinder Acolyte)       Turns: 10304, Time: 00:41:34

Health: -1/133     AC: 25    Str: 15    XL:     11   Next: 6%
Magic:  28/30      EV:  2    Int: 19    God:    Gozag
Gold:   277        SH:  0    Dex: 11    Spells: 24/24 levels left

rFire   . . .        a - +0 war axe (freeze)
rCold   + . .        (no shield)
rNeg    . . .        D - melded +0 plate armour
rPois   +            y - melded +0 helmet
rElec   .            (cloak currently unavailable)
rCorr   .            t - melded +1 Delatra's gloves {ID++}
SInv    .            (boots currently unavailable)
Will    .....        q - amulet "Kigef" {RegenMP MP+9}
Stlth   +++          f - ring of protection from cold
HPRegen 0.42/turn    h - +6 ring of intelligence
MPRegen 0.62/turn

%: no passive effects
@: mighty, tree-form, fire susceptible
A: stationary, stasis, torment immunity, boosted hp, (fangs 1), strong nose,
distributed training
a: Renounce Religion, Potion Petition, Call Merchant, Bribe Branch


You were on level 8 of the Dungeon.
You worshipped Gozag.
Gozag was aware of your devotion.
You were a tree.
You visited 2 branches of the dungeon, and saw 9 of its levels.

You collected 624 gold pieces.
You paid 347 gold pieces to Gozag.

Inventory:

Hand Weapons
 a - a +0 war axe of freezing (weapon)
 b - a +0 mace of venom
 l - a +0 sling
 m - a -1 falchion of flaming
 s - a +3 spear
Missiles
 o - 3 curare-tipped darts
 x - 10 poisoned darts (quivered)
 F - a throwing net
 H - 3 javelins
Armour
 t - the +1 Delatra's gloves (melded) {ID++}
   (You found it on level 3 of the Dungeon)

   ID++:      It heals its wearer when they drink unknown potions, and restores
   their MP when they read unknown scrolls.
 y - a +0 helmet (melded)
 D - a +0 plate armour (melded)
Jewellery
 f - a ring of protection from cold (left branch)
 h - a +6 ring of intelligence (right branch)
 n - a ring of wizardry
 q - the amulet "Kigef" (around neck) {RegenMP MP+9}
   (You found it on level 2 of the Dungeon)

   [amulet of magic regeneration]

   It increases your rate of magic regeneration.
   MP:        It affects your magic capacity (+9).
Wands
 G - a wand of flame (18)
Scrolls
 j - 2 scrolls of magic mapping
 u - 2 scrolls of teleportation
 v - a scroll of fog {unknown}
 w - 3 scrolls of vulnerability
 A - a scroll of poison
 E - a scroll of brand weapon
Potions
 d - 2 potions of brilliance
 e - 2 potions of flight
 g - 2 potions of attraction
 p - a potion of berserk rage
 r - 2 potions of resistance
 C - a potion of mutation


   Skills:
 + Level 9.3 Fighting
 + Level 6.4 Short Blades
 + Level 9.3 Long Blades
 + Level 6.4 Axes
 + Level 6.4 Maces & Flails
 + Level 6.4 Polearms
 + Level 6.4 Staves
 + Level 6.4 Ranged Weapons
 + Level 6.4 Throwing
 + Level 6.4 Armour
 + Level 6.4 Dodging
 + Level 6.4 Stealth
 + Level 6.4 Shields
 + Level 6.4 Unarmed Combat
 + Level 7.1 Spellcasting
 + Level 5.3 Conjurations
 + Level 5.3 Hexes
 + Level 5.3 Summonings
 + Level 5.3 Necromancy
 + Level 5.3 Translocations
 + Level 5.3 Transmutations
 + Level 7.7 Fire Magic
 + Level 5.3 Ice Magic
 + Level 5.3 Air Magic
 + Level 5.3 Earth Magic
 + Level 5.3 Poison Magic
 + Level 7.1 Invocations
 + Level 6.4 Evocations


You had 24 spell levels left.
You didn't know any spells.
Your spell library contained the following spells:

 Spells                   Type           Power      Damage    Failure   Level
 Slow                     Hex            100%       N/A       1%          1
 Sting                    Tmut/Pois      100%       1d8       1%          1
 Poisonous Vapours        Pois/Air       54%        N/A       1%          2
 Scorch                   Fire           72%        2d8       1%          2
 Confusing Touch          Hex            27%        N/A       3%          3
 Vampiric Draining        Necr           27%        2d7       3%          3
 Olgreb's Toxic Radiance  Pois           27%        N/A       11%         4


Dungeon Overview and Level Annotations

Branches:
Dungeon (8/15)             Temple (1/1) D:7
   Lair: D:8-11

Altars:
Ashenzari
Cheibriados
Dithmenos
Elyvilon
Fedhas
Gozag
Hepliaklqana
Kikubaaqudgha
Makhleb
Nemelex Xobeh
Okawaru
Qazlal
Ru
Sif Muna
Trog
Uskayaw
Vehumet
Wu Jian
Xom
Yredelemnul
Zin
The Shining One

Shops:
D:3 :   D:4 *

Annotations:
D:7 1 runed translucent door, opiumtea's ghost, amateur DsFi


Innate Abilities, Weirdness & Mutations

You are a tree.
Your roots penetrate the ground, keeping you stationary.
You cannot be teleported.
You are immune to unholy pain and torment.
Your maximum health is greatly increased.
Your equipment is partially melded.
((You have very sharp teeth.))
Your uncanny sense of smell can sniff out nearby items.
Your experience applies equally to all skills.


Message History

Your Armour skill increases to level 6!
Your Dodging skill increases to level 6!
Your Stealth skill increases to level 6!
Your Shields skill increases to level 6!
Your Unarmed Combat skill increases to level 6!
Your Spellcasting skill gained 2 levels and is now at level 7!
Your Conjurations skill increases to level 5!
Your Hexes skill increases to level 5!
Your Summonings skill increases to level 5!
Your Necromancy skill increases to level 5!
Your Translocations skill increases to level 5!
Your Transmutations skill increases to level 5!
Your Ice Magic skill increases to level 5!
Your Air Magic skill increases to level 5!
Your Earth Magic skill increases to level 5!
Your Poison Magic skill increases to level 5!
Your Invocations skill gained 2 levels and is now at level 7!
Your Evocations skill increases to level 6!
You have reached level 11!
The fire elemental barely misses you. The fire elemental hits you.
The fire elemental burns you!
* * * LOW HITPOINT WARNING * * *
The fire elemental hits you. The fire elemental burns you!
* * * LOW HITPOINT WARNING * * *
Okay, then.
Unknown command.
As you read the scroll labelled QOMUYG MITI, it crumbles to dust.
The air around you briefly surges with heat, but it dissipates.
It was a scroll of immolation.
The fire elemental hits you. The fire elemental burns you!
* * * LOW HITPOINT WARNING * * *
The fire elemental hits you.
As you read the scroll labelled TOAR OCOUGAIQI, it crumbles to dust.
You cannot blink because you are held in place by your roots.
It was a scroll of blinking.
The fire elemental hits you. The fire elemental burns you!
* * * LOW HITPOINT WARNING * * *
The fire elemental hits you. The fire elemental burns you!
You die...
Your body crumbles into a pile of gold.

#.# #.# #.#
#.# #.# #E#
#E# #♣# #E#
## #.#
#.... ..
#.# #....
#. #.# ∆
#.... #.
#.#
.#...#.##
#. ####.#
.......>#
#. #....#
#.. #..# #)
#.####
#.##..####.


You could see 3 fire elementals.

Vanquished Creatures
  Sigmund (D:5)
  2 wyverns
  3 fire elementals (D:8)
  Duvessa (D:5)
  A sky beast (D:7)
  3 ice beasts
  3 orc warriors
  A centaur (D:8)
  2 ogres (D:4)
  A phantom (D:7)
  A kobold brigand (D:8)
  4 bullfrogs
  A scorpion (D:5)
  4 wights
  Dowan (D:5)
  8 killer bees
  3 hounds
  2 jellies (D:4)
  An orc priest (D:4)
  A gnoll bouda (D:6)
  2 sleepcaps (D:6)
  10 orc wizards
  5 adders
  7 gnolls
  A shadow imp (D:7)
  An ufetubus (D:4)
  2 worms
  3 dart slugs
  30 orcs
  4 endoplasms
  7 giant cockroaches
  7 goblins
  4 hobgoblins
  11 jackals
  3 quokkas
  6 ball pythons
  4 bats
  3 frilled lizards
  17 kobolds
  7 rats
178 creatures vanquished.

Vanquished Creatures (collateral kills)
  An orc warrior (D:7)
  A killer bee (D:7)
  An orc wizard (D:7)
  An orc (D:7)
4 creatures vanquished.

Vanquished Creatures (others)
  86 foxfires
86 creatures vanquished.

Grand Total: 268 creatures vanquished

Notes
Turn   | Place    | Note
-------+----------+-------------------------------------------
     0 | D:1      | seandewar5 the Gnoll Cinder Acolyte began the quest for the
                  | Orb.
     0 | D:1      | Reached XP level 1. HP: 23/23 MP: 4/4
    13 | D:1      | Noticed an electric eel
   173 | D:1      | Reached XP level 2. HP: 29/29 MP: 5/5
   634 | D:1      | Reached XP level 3. HP: 34/35 MP: 7/7
   963 | D:2      | Reached skill level 1 in Invocations
  1159 | D:2      | Reached skill level 1 in Short Blades
  1159 | D:2      | Reached skill level 1 in Axes
  1159 | D:2      | Reached skill level 1 in Maces & Flails
  1159 | D:2      | Reached skill level 1 in Polearms
  1159 | D:2      | Reached skill level 1 in Staves
  1159 | D:2      | Reached skill level 1 in Ranged Weapons
  1159 | D:2      | Reached skill level 1 in Throwing
  1159 | D:2      | Reached skill level 1 in Armour
  1159 | D:2      | Reached skill level 1 in Dodging
  1159 | D:2      | Reached skill level 1 in Stealth
  1159 | D:2      | Reached skill level 1 in Shields
  1159 | D:2      | Reached skill level 1 in Unarmed Combat
  1159 | D:2      | Reached skill level 1 in Evocations
  1267 | D:2      | Identified the amulet "Kigef" {RegenMP MP+9}
  1548 | D:2      | Reached XP level 4. HP: 41/41 MP: 8/8
  2067 | D:3      | Reached skill level 1 in Conjurations
  2067 | D:3      | Reached skill level 1 in Hexes
  2067 | D:3      | Reached skill level 1 in Summonings
  2067 | D:3      | Reached skill level 1 in Necromancy
  2067 | D:3      | Reached skill level 1 in Translocations
  2067 | D:3      | Reached skill level 1 in Transmutations
  2067 | D:3      | Reached skill level 1 in Ice Magic
  2067 | D:3      | Reached skill level 1 in Air Magic
  2067 | D:3      | Reached skill level 1 in Earth Magic
  2067 | D:3      | Reached skill level 1 in Poison Magic
  2406 | D:3      | Reached XP level 5. HP: 38/47 MP: 9/9
  2538 | D:3      | Found the +1 Delatra's gloves {ID++}
  2760 | D:3      | Found Rat Tips's Book Emporium.
  2964 | D:4      | Noticed an ogre
  3052 | D:4      | Found Uhouhoga's Assorted Antiques.
  3114 | D:4      | Killed an ogre
  3115 | D:4      | Reached XP level 6. HP: 53/53 MP: 11/11
  3853 | D:5      | Entered Level 5 of the Dungeon
  3867 | D:5      | Noticed Dowan
  3898 | D:5      | Noticed Duvessa
  4179 | D:4      | Reached XP level 7. HP: 49/60 MP: 12/12
  4678 | D:5      | Killed Duvessa
  4733 | D:5      | Killed Dowan
  4736 | D:5      | Noticed Sigmund
  4739 | D:5      | Killed Sigmund
  4740 | D:5      | Reached XP level 8. HP: 67/67 MP: 14/14
  5239 | D:5      | Found an ancient bone altar of Kikubaaqudgha.
  5239 | D:5      | Found a snail-covered altar of Cheibriados.
  7399 | D:6      | Reached XP level 9. HP: 73/73 MP: 16/16
  7535 | D:7      | Found a runed translucent door.
  7549 | D:7      | Noticed opiumtea's ghost (amateur DsFi)
  7587 | D:7      | Reached skill level 5 in Spellcasting
  7978 | D:7      | Found a staircase to the Ecumenical Temple.
  8104 | Temple   | Entered the Ecumenical Temple
  8317 | Temple   | Fell from the grace of Ignis
  8317 | Temple   | Became a worshipper of Gozag Ym Sagoz the Greedy
  8647 | D:7      | Reached skill level 5 in Invocations
  9561 | D:8      | Reached skill level 5 in Short Blades
  9561 | D:8      | Reached skill level 5 in Axes
  9561 | D:8      | Reached skill level 5 in Maces & Flails
  9561 | D:8      | Reached skill level 5 in Polearms
  9561 | D:8      | Reached skill level 5 in Staves
  9561 | D:8      | Reached skill level 5 in Ranged Weapons
  9561 | D:8      | Reached skill level 5 in Throwing
  9561 | D:8      | Reached skill level 5 in Armour
  9561 | D:8      | Reached skill level 5 in Dodging
  9561 | D:8      | Reached skill level 5 in Stealth
  9561 | D:8      | Reached skill level 5 in Shields
  9561 | D:8      | Reached skill level 5 in Unarmed Combat
  9561 | D:8      | Reached skill level 5 in Evocations
  9622 | D:7      | Reached XP level 10. HP: 59/81 MP: 18/18
 10302 | D:8      | Reached skill level 5 in Conjurations
 10302 | D:8      | Reached skill level 5 in Hexes
 10302 | D:8      | Reached skill level 5 in Summonings
 10302 | D:8      | Reached skill level 5 in Necromancy
 10302 | D:8      | Reached skill level 5 in Translocations
 10302 | D:8      | Reached skill level 5 in Transmutations
 10302 | D:8      | Reached skill level 5 in Ice Magic
 10302 | D:8      | Reached skill level 5 in Air Magic
 10302 | D:8      | Reached skill level 5 in Earth Magic
 10302 | D:8      | Reached skill level 5 in Poison Magic
 10302 | D:8      | Reached XP level 11. HP: 41/89 MP: 21/21
 10304 | D:8      | Slain by a fire elemental

Illustrated notes

Levels and vault maps discovered:
D:1:      arrival_aquarium_a, layout_basic, grunt_decor_mini_mirrors
D:2:      layout_basic
D:3:      layout_basic, serial_shops, nicolae_shop_waterfront,
          dk_noncrumbling_2, pf_guarded_unrand_delatra
D:4:      layout_rooms, serial_shops, shop
D:5:      layout_rooms, gammafunk_temple_overflow_statue,
          chequers_serial_rivers_micro_a, uniq_sigmund, uniq_duvessa
D:6:      layout_loops_corners
D:7:      layout_loops_corners, minmay_temple_entry_sparse_star,
          ebering_ghost_reflecting_pool
D:8:      layout_loops_ring
Temple:   nicolae_temple_slightly_damp_pantheon

Skill      XL: |  1  2  3  4  5  6  7  8  9 10 |
---------------+-------------------------------+-----
Invocations    | 1 2 3 4 5 7 |  7.1
Short Blades   | 1 2 3 5 6 |  6.4
Axes           | 1 2 3 5 6 |  6.4
Maces & Flails | 1 2 3 5 6 |  6.4
Polearms       | 1 2 3 5 6 |  6.4
Staves         | 1 2 3 5 6 |  6.4
Ranged Weapons | 1 2 3 5 6 |  6.4
Throwing       | 1 2 3 5 6 |  6.4
Armour         | 1 2 3 5 6 |  6.4
Dodging        | 1 2 3 5 6 |  6.4
Stealth        | 1 2 3 5 6 |  6.4
Shields        | 1 2 3 5 6 |  6.4
Unarmed Combat | 1 2 3 5 6 |  6.4
Evocations     | 1 2 3 5 6 |  6.4
Spellcasting   | 3 4 5 7 |  7.1
Conjurations   | 1 2 3 4 5 |  5.3
Hexes          | 1 2 3 4 5 |  5.3
Summonings     | 1 2 3 4 5 |  5.3
Necromancy     | 1 2 3 4 5 |  5.3
Translocations | 1 2 3 4 5 |  5.3
Transmutations | 1 2 3 4 5 |  5.3
Ice Magic      | 1 2 3 4 5 |  5.3
Air Magic      | 1 2 3 4 5 |  5.3
Earth Magic    | 1 2 3 4 5 |  5.3
Poison Magic   | 1 2 3 4 5 |  5.3
Fighting       | 7 8 9 |  9.3
Long Blades    | 7 8 9 |  9.3
Fire Magic     | 6 7 |  7.7

Action                     |  1- 3 |  4- 6 |  7- 9 | 10-12 || total
---------------------------+-------+-------+-------+-------++-------
  Melee: Falchion          |    93 |       |       |       ||    93
         Bite              |    13 |     6 |    41 |     3 ||    63
         War axe           |     8 |   127 |   132 |    31 ||   298
         Punch             |       |     2 |     9 |     2 ||    13
         Mace              |       |       |   174 |    10 ||   184
   Fire: Sling             |    43 |       |       |       ||    43
  Throw: Dart              |       |     5 |    39 |     5 ||    49
         Throwing net      |       |     1 |       |       ||     1
         Javelin           |       |       |       |     8 ||     8
 Invoke: Foxfire Swarm     |       |     2 |     4 |       ||     6
         Fiery Armour      |       |     2 |     3 |       ||     5
         Rising Flame      |       |       |     1 |       ||     1
         Potion Petition   |       |       |       |     1 ||     1
  Evoke: Wand              |       |       |     2 |     2 ||     4
    Use: Scroll            |       |    10 |    12 |     3 ||    25
         Potion            |       |     1 |    11 |     4 ||    16
 Armour: Leather armour    |    25 |     2 |       |       ||    27
         Chain mail        |       |   134 |    62 |       ||   196
         Plate armour      |       |       |   192 |    36 ||   228
         Skin              |       |       |     7 |    19 ||    26
  Dodge: Dodged            |    62 |    61 |   107 |    11 ||   241
